Map: Ice and Chrome LE

Players

Armani - Winner!

  • Race: Zerg Zerg
  • Spawn Location: 1:00

TLHarstem (Harstem)

  • Race: Protoss Protoss
  • Spawn Location: 7:00

Event: StayAtHomestory Cup #2

VOD

Have the link to the VOD?

Description

Time

  • Played on: June 11, 2020, 12:09 p.m.
  • Length: 12:22

All games in this series

Show
View Real Time Build Order
Export as new Build Order

Armani Zerg - Winner!

Build Orders: Hatch First, Lurkers 

Get SALT Encoding   

  12  0:00  Drone  
  13  0:12  Overlord  
  13  0:17  Drone  
  14  0:30  Drone  
  14  0:31  Drone  
  16  0:49  Hatchery  
  15  0:53  Drone  
  15  0:56  Drone  
  17  0:59  Drone  
  18  1:10  Extractor  
  17  1:13  Spawning Pool  
  17  1:17  Drone  
  17  1:20  Drone  
  18  1:28  Drone  
  19  1:39  Drone  
  20  1:50  Hatchery  
  20  1:53  Drone  
  20  2:01  Queen  
  20  2:04  Drone  
  20  2:08  Drone  
  24  2:16  Queen  
  24  2:22  Overlord  
  26  2:26  Metabolic Boost  
  26  2:30  Drone  
  26  2:32  Zergling x2  
  28  2:41  Zergling x2  
  28  2:42  Queen  
  31  2:45  Drone  
  31  2:48  Drone x2  
  34  2:55  Overlord  
  34  2:57  Drone  
  35  2:59  Drone  
  35  3:05  Queen  
  38  3:08  Drone  
  38  3:11  Drone  
  40  3:13  Drone  
  40  3:16  Drone x2  
  43  3:21  Queen  
  43  3:25  Overlord  
  45  3:27  Drone  
  45  3:33  Spore Crawler  
  45  3:35  Spore Crawler  
  45  3:37  Drone x2  
  45  3:38  Drone  
  45  3:41  Evolution Chamber  
  46  3:44  Zergling x2  
  46  3:45  Zergling x2  
  46  3:48  Overlord  
  48  3:50  Drone  
  48  3:51  Drone  
  50  3:58  Overlord  
  50  4:00  Overlord  
  50  4:06  Extractor  
  50  4:07  Zerg Melee Weapons Level 1  
  49  4:11  Drone x6  
  49  4:14  Drone  
  56  4:17  Drone x2  
  56  4:20  Drone x2  
  56  4:22  Drone x2  
  62  4:26  Baneling Nest  
  62  4:30  Drone  
  63  4:41  Zergling x10  
  63  4:43  Drone x2  
  70  4:45  Overlord  
  70  4:49  Drone x2  
  70  4:50  Drone  
  73  4:59  Drone  
  72  5:01  Overlord  
  72  5:03  Drone  
  72  5:04  Drone x2  
  72  5:06  Lair  
  75  5:10  Drone  
  75  5:11  Drone x4, Hatchery  
  75  5:14  Extractor, Drone  
  79  5:15  Extractor  
  77  5:22  Drone x7  
  84  5:30  Extractor  
  84  5:32  Extractor, Overlord x2  
  82  5:40  Zergling x12  
  88  5:43  Drone  
  88  5:44  Drone  
  88  5:49  Drone  
  87  5:54  Drone  
  87  5:55  Drone  
  87  5:57  Drone  
  87  5:58  Drone x2  
  87  5:59  Drone  
  87  6:00  Drone x3  
  94  6:06  Zerg Melee Weapons Level 2, Hydralisk Den, Centrifical Hooks  
  94  6:07  Overseer  
  88  6:30  Drone x2  
  87  6:35  Grooved Spines, Hydralisk x9  
  87  6:38  Zergling x12  
  87  6:39  Overseer  
  111  6:43  Overlord x2, Spore Crawler  
  111  6:44  Overlord  
  110  6:48  Overlord  
  110  6:51  Drone  
  110  6:54  Pneumatized Carapace  
  111  7:00  Extractor  
  110  7:01  Queen  
  110  7:02  Hydralisk  
  110  7:03  Hydralisk x5  
  110  7:05  Drone x2  
  110  7:07  Zergling x12  
  131  7:10  Baneling x5  
  131  7:13  Drone x3  
  131  7:15  Baneling x3  
  134  7:16  Overlord  
  134  7:21  Zergling x6  
  136  7:26  Drone  
  136  7:27  Drone x2, Overlord  
  136  7:29  Overlord  
  140  7:30  Drone x2  
  140  7:31  Drone  
  140  7:32  Drone  
  140  7:33  Drone  
  140  7:35  Drone x2  
  140  7:36  Overseer  
  146  7:38  Drone x2  
  148  7:46  Muscular Augments  
  147  7:51  Zergling x12  
  147  7:55  Evolution Chamber  
  147  7:56  Hatchery  
  150  8:03  Zergling x2  
  150  8:04  Zergling x18  
  155  8:10  Hydralisk x4  
  155  8:11  Hydralisk  
  165  8:15  Baneling x4  
  165  8:18  Zergling x4  
  167  8:22  Overlord x2  
  167  8:25  Overlord  
  167  8:27  Overlord  
  167  8:32  Extractor, Infestation Pit  
  162  8:38  Overlord  
  162  8:42  Zerg Missile Weapons Level 1, Drone  
  162  8:45  Drone x4  
  162  8:46  Drone x2, Zergling x8  
  170  8:50  Zergling x2  
  170  8:51  Baneling x4  
  170  8:53  Baneling x24  
  170  8:55  Zergling x16  
  179  8:57  Zergling x6  
  179  9:00  Zergling x6  
  184  9:05  Zergling x2  
  184  9:09  Zergling x8  
  189  9:15  Zergling x4  
  188  9:18  Hive  
  188  9:19  Drone  
  188  9:20  Zerg Ground Armor Level 1  
  188  9:21  Lurker Den  
  188  9:23  Zergling x2  
  188  9:24  Spine Crawler, Zergling x8  
  189  9:25  Spine Crawler  
  189  9:27  Zergling x8  
  189  9:28  Zergling x2  
  188  9:40  Zergling x20  
  181  9:46  Zergling x6  
  176  9:52  Zergling x2  
  176  9:53  Zergling x6  
  176  9:58  Zergling x12  
  184  10:04  Drone x2  
  184  10:06  Drone, Spine Crawler  
  184  10:07  Spine Crawler x2, Spore Crawler  
  184  10:08  Spine Crawler  
  180  10:14  Zergling x2  
  180  10:15  Zergling x18  
  180  10:17  Baneling x8  
  180  10:18  Overlord  
  190  10:25  Overlord  
  190  10:34  Seismic Spines, Adrenal Glands  
  186  10:47  Overseer  
  186  10:48  Lurker x13  
  199  11:01  Overseer  
  199  11:02  Spine Crawler  
  198  11:07  Hatchery  
  187  11:22  Zergling x2  
  187  11:23  Zergling x48  
  187  11:24  Hydralisk x6  
  198  11:29  Zergling x4  
  201  11:34  Overlord  
  201  11:35  Overlord  
  201  11:37  Overlord  
  201  11:38  Overlord  
  190  11:40  Overlord  
  183  11:48  Hydralisk x8  
  183  11:54  Zergling x2  
  199  12:03  Baneling x27  
  199  12:06  Overseer  
  199  12:11  Hatchery  
Show
View Real Time Build Order
Export as new Build Order

TLHarstem Protoss 

Build Orders: 1 Gate Expand, Oracle Opening, Zealot Archon 

Get SALT Encoding   

  12  0:01  Probe  
  13  0:13  Probe  
  14  0:19  Pylon  
  14  0:25  Probe  
  15  0:33  Probe  
  15  0:41  Probe, Gateway  
  16  0:49  Assimilator  
  17  0:51  Probe  
  18  1:03  Probe  
  19  1:15  Probe  
  20  1:25  Nexus  
  20  1:34  Cybernetics Core  
  20  1:37  Probe  
  21  1:45  Assimilator  
  21  1:49  Probe  
  21  1:53  Pylon  
  22  2:01  Adept, Probe  
  23  2:14  Probe  
  26  2:22  Stargate  
  26  2:26  Probe  
  27  2:31  Adept  
  27  2:33  Probe  
  27  2:34  Probe  
  29  2:41  Probe  
  29  2:42  Probe, Warp Gate  
  33  2:51  Probe  
  33  2:52  Probe  
  33  2:56  Pylon  
  35  3:04  Probe, Oracle, Stalker  
  38  3:06  Probe  
  39  3:16  Probe  
  43  3:23  Probe  
  44  3:28  Probe  
  44  3:29  Gateway  
  44  3:31  Oracle  
  45  3:35  Probe, Pylon  
  45  3:40  Probe  
  47  3:47  Probe  
  51  3:52  Probe  
  52  3:58  Nexus  
  52  3:59  Probe  
  52  4:01  Pylon  
  53  4:04  Probe  
  54  4:11  Probe  
  54  4:13  Probe  
  54  4:15  Forge  
  54  4:16  Twilight Council  
  56  4:21  Probe  
  56  4:22  Assimilator  
  56  4:23  Probe  
  57  4:24  Assimilator  
  57  4:27  Pylon  
  57  4:30  Probe  
  58  4:36  Probe  
  60  4:41  Sentry, Zealot  
  60  4:43  Probe  
  65  4:48  Probe  
  65  4:50  Robotics Facility, Protoss Ground Weapons Level 1  
  66  4:55  Probe  
  67  5:00  Probe  
  67  5:01  Gateway  
  67  5:03  Gateway  
  67  5:05  Probe  
  68  5:09  Probe  
  68  5:11  Charge  
  68  5:12  Probe  
  68  5:13  Probe  
  71  5:17  Probe  
  73  5:21  Probe  
  73  5:24  Probe  
  73  5:26  Probe  
  75  5:30  Gateway  
  75  5:31  Gateway  
  75  5:33  Assimilator  
  77  5:36  Probe, Templar Archives  
  77  5:38  Gateway x2, Assimilator  
  77  5:41  Probe x2  
  79  5:49  Zealot x2  
  83  5:51  Warp Prism  
  83  5:52  Probe  
  83  5:57  Probe  
  83  5:58  Probe  
  83  6:00  Photon Cannon  
  86  6:06  Gateway  
  86  6:08  Gateway  
  86  6:09  Pylon  
  86  6:13  Pylon  
  86  6:16  Zealot x2  
  90  6:18  Zealot  
  90  6:22  Probe  
  90  6:23  Probe, Warp Prism  
  90  6:24  Probe  
  93  6:27  Zealot x2  
  94  6:38  High Templar x3, Pylon  
  102  6:41  Pylon  
  102  6:43  Protoss Ground Weapons Level 2  
  102  6:45  Archon, High Templar  
  102  6:46  High Templar x2  
  108  6:52  Pylon  
  108  6:53  Archon  
  108  6:55  Archon  
  108  6:56  Probe  
  108  6:58  Shield Battery  
  108  7:00  Zealot x2  
  113  7:06  Observer  
  113  7:13  Psionic Storm  
  114  7:18  Pylon  
  114  7:20  Pylon  
  114  7:21  Nexus  
  114  7:22  High Templar x2  
  118  7:23  Warp Prism  
  118  7:24  Zealot  
  118  7:29  Pylon  
  116  7:38  Probe  
  116  7:39  Phoenix  
  116  7:43  High Templar x2  
  123  7:47  Photon Cannon  
  123  7:51  Photon Cannon  
  123  7:52  Zealot x4  
  123  7:56  Zealot  
  133  8:04  Zealot x3  
  137  8:09  Probe  
  142  8:16  Photon Cannon  
  142  8:17  Assimilator  
  142  8:18  High Templar x2  
  146  8:22  High Templar  
  146  8:25  Immortal, Probe  
  149  8:29  Probe  
  149  8:31  Probe  
  149  8:34  Probe  
  148  8:37  Probe  
  148  8:38  High Templar x2, Zealot  
  148  8:39  Zealot x4  
  164  8:41  Probe  
  164  8:46  Pylon  
  164  8:47  Archon  
  164  8:52  Immortal  
  164  8:53  Pylon  
  158  8:56  Archon  
  158  8:57  High Templar  
  158  9:02  Zealot x3  
  165  9:10  Probe  
  162  9:18  Zealot x2, High Templar x2, Assimilator  
  162  9:19  Zealot x2  
  162  9:22  Photon Cannon  
  162  9:24  Photon Cannon  
  170  9:25  Photon Cannon  
  170  9:31  Archon  
  170  9:33  Stalker x4  
  172  9:43  Zealot x4  
  172  9:47  Probe  
  172  9:49  Probe x2  
  157  9:55  Probe  
  157  9:56  Probe  
  159  10:02  Probe  
  159  10:04  Probe  
  159  10:05  Probe  
  160  10:08  Probe  
  160  10:13  Probe  
  163  10:15  High Templar x3  
  163  10:16  Probe x2, High Templar  
  163  10:17  Probe, Warp Prism  
  175  10:21  Archon  
  175  10:22  Archon  
  175  10:25  Probe x2  
  175  10:28  Probe  
  167  10:29  Probe  
  167  10:35  Probe  
  171  10:37  Probe  
  171  10:40  Probe, High Templar  
  171  10:41  Probe, High Templar x3  
  171  10:42  Zealot x2  
  181  10:45  Archon  
  181  10:49  Probe  
  185  10:50  Archon  
  185  10:52  Probe, Zealot  
  185  10:53  Observer  
  187  10:59  Pylon  
  187  11:01  Pylon x2  
  188  11:10  Fleet Beacon, Pylon  
  188  11:15  Stargate  
  188  11:16  Probe  
  188  11:17  Probe  
  189  11:25  Zealot x5  
  173  11:26  Zealot x5  
  173  11:31  Probe  
  188  11:35  Observer  
  153  11:49  Probe  
  153  11:51  Observer  
  153  11:53  High Templar x4  
  144  11:54  High Templar x2  
  144  11:55  Zealot x4  
  144  11:59  Archon  
  153  12:02  Probe  
  160  12:10  Nexus  
  160  12:15  Pylon  
  160  12:19  Archon  
Tags
 
Add a new tag
Caveats
  • Supply blocks, unpowered buildings, or Contaminate may cause inaccurate times.
  • Supply counts are checked every 10 seconds.